[Event "Titled Tuesday Blitz November 29 Late 2022"]
[White "Dzierzak, Radoslaw"]
[Black "Rorrer, Grayson"]
[WhiteFideId "1161407"]
[BlackFideId "30944996"]
[WhiteElo "2111"]
[BlackElo "2130"]
[Result "0-1"]
[Round "04"]
[TimeControl "180+1"]
[Date "2022.11.30"]
[WhiteClock "0:00:02"]
[BlackClock "0:00:22"]

1. e4 c5 2. Nf3 d6 3. d4 cxd4 4. Nxd4 Nf6 5. Nc3 a6 6. g3 e5 7. Nde2 Be7 8. Bg2 O-O 9. O-O Be6 10. h3 Nbd7 11. a4 Rc8 12. b3 Qc7 13. Be3 Qa5 14. Qd2 Rc6 15. Nd5 Qd8 16. c4 Nc5 17. Nec3 Nxb3 18. Qd3 Nxa1 19. Rxa1 Bxd5 20. exd5 Rc8 21. Rb1 Qc7 22. Bf1 Nd7 23. h4 f5 24. Bh3 g6 25. h5 Nf6 26. hxg6 hxg6 27. Bxf5 gxf5 28. Qxf5 Nh7 29. Qg6+ Kh8 30. Kg2 Rg8 31. Qh5 Bd8 32. Ne4 Qxc4 33. Qf5 Qc7 34. Rh1 Rb8 35. Nxd6 Bh4 36. Rxh4 Rbf8 37. Nf7+ Qxf7 38. Qxe5+ Qf6 39. Qe4 Qf5 40. Bd4+ Rg7 41. Bxg7+ Kxg7 42. Qe7+ Rf7 43. Qe3 Qxd5+ 44. Kh2 Qf5 45. Rf4 Qh5+ 46. Kg2 Nf6 47. Qe5 Qxe5 0-1


[Site "https://www.chess.com"]

[Event "Titled Tuesday Blitz November 29 Late 2022"]
[White "Estrada Nieto, Julian"]
[Black "Hoffmann, Asa"]
[WhiteFideId "5101018"]
[BlackFideId "2001470"]
[WhiteElo "2221"]
[BlackElo "2117"]
[Result "1-0"]
[Round "04"]
[TimeControl "180+1"]
[Date "2022.11.30"]
[WhiteClock "0:01:16"]
[BlackClock "0:01:13"]

1. e4 d6 2. d4 Nf6 3. Nc3 c6 4. Nf3 Bg4 5. h3 Bh5 6. Bd3 e6 7. O-O d5 8. exd5 cxd5 9. Bg5 Nc6 10. g4 Bg6 11. Bxg6 hxg6 12. Kg2 Be7 13. Qe2 a6 14. Rfd1 Qb6 15. Bxf6 gxf6 16. b3 O-O-O 17. Na4 Qb5 18. Qe3 Kb8 19. Nb2 Nb4 20. Rd2 Rc8 21. c4 Qd7 22. Na4 Ka7 23. Nc5 Bxc5 24. dxc5 Rhd8 25. c6+ d4 26. cxd7 dxe3 27. dxc8=Q Rxc8 28. fxe3 1-0


[Site "https://www.chess.com"]

[Event "Titled Tuesday Blitz November 29 Late 2022"]
[White "Fareh, Youness"]
[Black "Adel, Sara"]
[WhiteFideId "9000526"]
[BlackFideId "10616764"]
[WhiteElo "1848"]
[BlackElo "1994"]
[Result "0-1"]
[Round "04"]
[TimeControl "180+1"]
[Date "2022.11.30"]
[WhiteClock "0:00:03"]
[BlackClock "0:01:04"]

1. Nf3 Nf6 2. c4 g6 3. Nc3 Bg7 4. g3 O-O 5. Bg2 Nc6 6. O-O e5 7. d3 d6 8. Rb1 Nh5 9. b4 f5 10. Bd2 f4 11. b5 Ne7 12. a4 Kh8 13. Qb3 Nf5 14. g4 Nd4 15. Nxd4 exd4 16. gxh5 dxc3 17. Bxc3 Qg5 18. Bxg7+ Kxg7 19. Qc3+ Kh6 20. Kh1 Qh4 21. hxg6 hxg6 22. Bf3 Be6 23. Rg1 Rh8 24. Rxg6+ Kxg6 25. Rg1+ Kf7 26. Qg7+ Ke8 27. Qg6+ Bf7 28. Qe4+ Kd8 29. Rg2 Qe7 30. Qxb7 Rc8 31. Bg4 Be6 32. Bf3 Qf7 33. Qxa7 Ke7 34. b6 Kf6 35. b7 Rb8 36. Qd4+ Ke7 37. Bc6 Bd7 38. Rg7 Bxc6+ 39. Kg1 Rhg8 40. Rxg8 Rxg8+ 41. Kf1 Bxb7 0-1


[Site "https://www.chess.com"]

[Event "Titled Tuesday Blitz November 29 Late 2022"]
[White "Fernandez Guillen, Ernesto J."]
[Black "Bok, Benjamin"]
[WhiteFideId "3512428"]
[BlackFideId "1017063"]
[WhiteElo "2450"]
[BlackElo "2658"]
[Result "0-1"]
[Round "04"]
[TimeControl "180+1"]
[Date "2022.11.30"]
[WhiteClock "0:00:06"]
[BlackClock "0:00:13"]

1. e4 c5 2. Nf3 d6 3. d4 cxd4 4. Nxd4 Nf6 5. Nc3 a6 6. Bc4 e6 7. Bb3 Be7 8. f3 b5 9. Be3 O-O 10. Qd2 Qc7 11. g4 Nc6 12. g5 Nd7 13. h4 Nce5 14. Qg2 Nb6 15. h5 Nec4 16. Bc1 d5 17. g6 Bf6 18. Nce2 dxe4 19. fxe4 Bb7 20. c3 Rad8 21. Bc2 Qe7 22. b3 Ne5 23. a4 b4 24. cxb4 Rxd4 25. Nxd4 Qxb4+ 26. Bd2 Qxd4 27. Rd1 Nd3+ 28. Bxd3 Qxd3 29. gxf7+ Rxf7 30. Ba5 Bc3+ 31. Bxc3 Qxc3+ 32. Rd2 Qxb3 33. Rh3 Qb1+ 34. Ke2 Qxe4+ 35. Qxe4 Bxe4 36. Re3 Bf5 37. Rc3 Nd5 38. Rc8+ Rf8 39. Rxf8+ Kxf8 40. Rb2 Ke7 41. Kf3 g5 42. Rb7+ Kd6 43. h6 g4+ 44. Kg3 Kc5 45. Ra7 Kb6 46. Rg7 Ka5 47. Kh4 Kxa4 48. Kg5 a5 49. Rd7 Kb3 50. Rb7+ Nb4 51. Rf7 a4 52. Rxf5 exf5 53. Kxf5 g3 54. Kf6 g2 55. Kg7 g1=Q+ 56. Kxh7 Qg5 57. Kh8 Qxh6+ 0-1


[Site "https://www.chess.com"]

[Event "Titled Tuesday Blitz November 29 Late 2022"]
[White "Fernandez Siles, Luis"]
[Black "Floresvillar Gonzalez, Luis Migu"]
[WhiteFideId "2209420"]
[BlackFideId "5100542"]
[WhiteElo "2186"]
[BlackElo "2040"]
[Result "1-0"]
[Round "04"]
[TimeControl "180+1"]
[Date "2022.11.30"]
[WhiteClock "0:00:50"]
[BlackClock "0:01:06"]

1. e4 e6 2. d4 d5 3. e5 c5 4. c3 Nc6 5. Nf3 Qb6 6. a3 cxd4 7. cxd4 Bd7 8. Nc3 Nge7 9. b4 Nf5 10. Be3 Nxe3 11. fxe3 Be7 12. Bd3 g6 13. O-O Rc8 14. Na4 Qd8 15. Nc5 b6 16. Nb7 Qc7 17. Ba6 Rb8 18. Rc1 Bc8 19. Nd6+ Bxd6 20. exd6 Qxd6 21. Bb5 Bd7 22. Bxc6 Bxc6 23. Ne5 Bb5 24. Rxf7 Rf8 25. Qf3 Rb7 26. Rc8+ 1-0


[Site "https://www.chess.com"]

[Event "Titled Tuesday Blitz November 29 Late 2022"]
[White "Figorito, Nick"]
[Black "Vargas Pereda, Jesus Manue"]
[WhiteFideId "30923689"]
[BlackFideId "5115710"]
[WhiteElo "2336"]
[BlackElo "1950"]
[Result "1-0"]
[Round "04"]
[TimeControl "180+1"]
[Date "2022.11.30"]
[WhiteClock "0:00:53"]
[BlackClock "0:01:21"]

1. Nf3 Nf6 2. g3 g6 3. Bg2 Bg7 4. O-O O-O 5. c4 c5 6. d4 cxd4 7. Nxd4 Nc6 8. Nc2 d6 9. Nc3 e5 10. Bg5 Be6 11. Ne3 h6 12. Bxf6 Bxf6 13. Ned5 Bg7 14. e3 Rb8 15. Qd2 f5 16. Rad1 Kh7 17. b3 Qd7 18. Rfe1 Rbd8 19. Nb5 a6 20. Nbc3 e4 21. Nb6 Qf7 22. Ncd5 Ne5 23. Nf4 g5 24. Nxe6 Qxe6 25. Qd5 Qg6 26. Qxb7 Nf3+ 27. Bxf3 exf3 28. Qxf3 f4 29. exf4 gxf4 30. Qe4 Rf5 31. Rd5 Rdf8 32. Rxf5 Rxf5 33. Nd5 fxg3 34. hxg3 Qf7 35. Ne7 1-0


[Site "https://www.chess.com"]

[Event "Titled Tuesday Blitz November 29 Late 2022"]
[White "Foerster-Yialamas, Lucas"]
[Black "Rodriguez Santiago, Jaime"]
[WhiteFideId "30901774"]
[BlackFideId "3100898"]
[WhiteElo "2067"]
[BlackElo "2025"]
[Result "1-0"]
[Round "04"]
[TimeControl "180+1"]
[Date "2022.11.30"]
[WhiteClock "0:02:02"]
[BlackClock "0:00:45"]

1. c4 Nf6 2. d3 e5 3. a3 d5 4. cxd5 Nxd5 5. Nf3 Nc6 6. e4 Nb6 7. Be3 Bg4 8. Be2 Be7 9. Nbd2 O-O 10. O-O Bxf3 11. Nxf3 Bf6 12. Rc1 Nd4 13. Nxd4 exd4 14. Bf4 Rc8 15. e5 Bg5 16. Qd2 Bxf4 17. Qxf4 c5 18. Bf3 Qe7 19. Rfe1 Nd7 20. Bxb7 Rb8 21. Bd5 Rxb2 22. e6 fxe6 23. Rxe6 Rxf4 24. Rxe7+ Kf8 25. Rxd7 Rbxf2 26. Bf3 Ra2 27. Rxc5 1-0


[Site "https://www.chess.com"]

[Event "Titled Tuesday Blitz November 29 Late 2022"]
[White "Forgacs, Attila Jr."]
[Black "Melikyan, Gnel"]
[WhiteFideId "773654"]
[BlackFideId "54109990"]
[WhiteElo "2168"]
[BlackElo "2138"]
[Result "0-1"]
[Round "04"]
[TimeControl "180+1"]
[Date "2022.11.30"]
[WhiteClock "0:00:03"]
[BlackClock "0:00:54"]

1. e4 Nc6 2. d4 d5 3. exd5 Qxd5 4. Nf3 Bg4 5. Nc3 Qd7 6. Be3 e6 7. Be2 Nf6 8. Ne5 Nxe5 9. dxe5 Bxe2 10. Qxe2 Nd5 11. Rd1 Bb4 12. O-O Bxc3 13. bxc3 Nxc3 14. Qg4 Nxd1 15. Rxd1 f5 16. Rxd7 fxg4 17. Rxc7 O-O 18. Rxb7 Rfb8 19. Rb3 a5 20. Kf1 Rxb3 21. axb3 a4 22. bxa4 Rxa4 23. Ke2 Re4 24. Kd3 Rxe5 25. c4 Kf7 26. Kd4 Rh5 27. c5 Ke7 28. Bf4 Rd5+ 29. Kc4 Kd7 30. Kb5 e5 31. Bg3 Kc7 32. h3 gxh3 33. gxh3 g5 34. h4 gxh4 35. Bxh4 Rd2 36. Bg3 Re2 37. Kc4 Kc6 38. Kd3 Ra2 39. Bxe5 Rxf2 40. Bd4 Rf7 41. Ke4 h5 0-1


[Site "https://www.chess.com"]

[Event "Titled Tuesday Blitz November 29 Late 2022"]
[White "Gasparyan, David"]
[Black "Sokolovsky, Yahli"]
[WhiteFideId "13311980"]
[BlackFideId "2820242"]
[WhiteElo "2355"]
[BlackElo "2316"]
[Result "1-0"]
[Round "04"]
[TimeControl "180+1"]
[Date "2022.11.30"]
[WhiteClock "0:00:19"]
[BlackClock "0:00:01"]

1. d4 d6 2. Nc3 g6 3. e4 Bg7 4. Be2 a6 5. a4 b6 6. h4 h5 7. Be3 Nf6 8. Nh3 Bxh3 9. Rxh3 Nc6 10. Bf3 e5 11. d5 Nd4 12. Bxd4 exd4 13. Qxd4 O-O 14. Qe3 b5 15. a5 Re8 16. O-O-O Qe7 17. Re1 Qe5 18. Rg3 b4 19. Na4 Rab8 20. Kb1 Qe7 21. e5 dxe5 22. Rg5 Bh6 23. Rxg6+ fxg6 24. Qxh6 Qg7 25. Qg5 e4 26. Be2 Rbd8 27. Bc4 Rd6 28. Nc5 Nh7 29. Qe3 Qe5 30. Nb7 Rxd5 31. Rd1 c6 32. Qb3 Nf6 33. Bxd5+ Nxd5 34. Nc5 Qc7 35. Nxa6 Qxa5 36. Qc4 Ra8 37. Qxc6 Qxa6 38. Qxd5+ Kg7 39. Qe5+ Kh6 40. Qf4+ Kh7 41. Rd7+ Kg8 42. Qf7+ 1-0


[Site "https://www.chess.com"]

[Event "Titled Tuesday Blitz November 29 Late 2022"]
[White "Gavilan Diaz, Mario"]
[Black "Ankerst, Mihael"]
[WhiteFideId "2260905"]
[BlackFideId "14602369"]
[WhiteElo "2176"]
[BlackElo "2316"]
[Result "0-1"]
[Round "04"]
[TimeControl "180+1"]
[Date "2022.11.30"]
[WhiteClock "0:00:15"]
[BlackClock "0:01:40"]

1. d4 Nf6 2. c4 g6 3. Nc3 Bg7 4. e4 d6 5. Be2 O-O 6. Be3 Nbd7 7. g4 a6 8. g5 Ne8 9. h4 c5 10. d5 b5 11. h5 Ne5 12. cxb5 axb5 13. Bxb5 Ba6 14. Bxa6 Rxa6 15. Qc2 Qa5 16. Rc1 Nc7 17. b3 c4 18. bxc4 Nxc4 19. Ne2 Nxe3 20. fxe3 Nb5 21. O-O Nxc3 22. Nxc3 gxh5 23. Ne2 Qxa2 24. Qd3 Ra3 25. Qb5 Rxe3 26. Nf4 Rg3+ 27. Kh1 Be5 28. Qe2 Rh3+ 29. Kg2 Rh2+ 30. Kxh2 Qxe2+ 31. Kg1 Bxf4 32. Rxf4 Qe3+ 0-1


[Site "https://www.chess.com"]

[Event "Titled Tuesday Blitz November 29 Late 2022"]
[White "Gerbelli Neto, Eduardo"]
[Black "D`Arruda, Ricardo D."]
[WhiteFideId "2103281"]
[BlackFideId "100692"]
[WhiteElo "2178"]
[BlackElo "2465"]
[Result "1-0"]
[Round "04"]
[TimeControl "180+1"]
[Date "2022.11.30"]
[WhiteClock "0:02:00"]
[BlackClock "0:01:50"]

1. e4 c5 2. Nc3 e6 3. f4 Nf6 4. Nf3 d5 5. e5 d4 6. exf6 dxc3 7. fxg7 cxd2+ 8. Qxd2 Qxd2+ 9. Bxd2 Bxg7 10. O-O-O O-O 11. Ne5 Nd7 12. Nxd7 Bxd7 13. Be3 Bc6 14. Bxc5 Rfd8 15. Rxd8+ Rxd8 16. Bd3 Bxg2 17. Rg1 Bd5 18. Bd4 1-0


[Site "https://www.chess.com"]

[Event "Titled Tuesday Blitz November 29 Late 2022"]
[White "Girsh, Daniel"]
[Black "Novikova, Galina"]
[WhiteFideId "30949190"]
[BlackFideId "4157095"]
[WhiteElo "2075"]
[BlackElo "1973"]
[Result "1-0"]
[Round "04"]
[TimeControl "180+1"]
[Date "2022.11.30"]
[WhiteClock "0:00:54"]
[BlackClock "0:00:04"]

1. e4 e6 2. d4 d5 3. e5 c5 4. c3 Nc6 5. Nf3 Bd7 6. Bd3 f6 7. O-O Qc7 8. Re1 O-O-O 9. dxc5 fxe5 10. Bb5 e4 11. Bxc6 Qxc6 12. Ne5 Qxc5 13. Nf7 Bd6 14. Be3 Qc7 15. Nxh8 Nh6 16. Bxh6 gxh6 17. Nf7 Bxh2+ 18. Kh1 Rf8 19. Qh5 Bf4 20. Nxh6 Bxh6 21. Qxh6 Rxf2 22. Na3 Qg3 23. Qh3 Qg6 24. Rf1 e5 25. Qh2 Rxb2 26. Rf8+ Be8 27. Raf1 e3 28. Rxe8+ Qxe8 29. Qh3+ Kb8 30. Qxe3 Rxa2 31. Nb5 a6 32. Qc5 axb5 33. Rf8 Qxf8 34. Qxf8+ Ka7 35. Qc5+ b6 36. Qxd5 Re2 37. Qxb5 Re1+ 38. Kh2 e4 39. Qd7+ Ka6 40. Qxh7 e3 41. Qd3+ Ka7 42. Kg3 e2 43. Kf2 Rd1 44. Qxe2 1-0


[Site "https://www.chess.com"]

[Event "Titled Tuesday Blitz November 29 Late 2022"]
[White "Goncalves, Davi Sulzbacher"]
[Black "Gatterer, Florian"]
[WhiteFideId "2154510"]
[BlackFideId "811688"]
[WhiteElo "2182"]
[BlackElo "2218"]
[Result "1/2-1/2"]
[Round "04"]
[TimeControl "180+1"]
[Date "2022.11.30"]
[WhiteClock "0:00:19"]
[BlackClock "0:00:40"]

1. Nf3 d5 2. c4 c6 3. d4 Nf6 4. Nc3 a6 5. c5 g6 6. Bf4 Bg7 7. h3 O-O 8. e3 Re8 9. Be2 Bf5 10. O-O Ne4 11. Nxe4 Bxe4 12. Qb3 Qc8 13. Ng5 Bf5 14. e4 Bxe4 15. Nxe4 dxe4 16. Bc4 e6 17. Rad1 Nd7 18. Rfe1 Nf6 19. Be5 Rd8 20. Qe3 Nd5 21. Qxe4 Bxe5 22. Qxe5 Rd7 23. h4 Qf8 24. h5 Qg7 25. Qg5 h6 26. Qg4 g5 27. Re5 Rad8 28. g3 Nf6 29. Qe2 Rxd4 30. Rxd4 Rxd4 31. b3 Nd7 32. Re3 Nxc5 33. Kg2 Rd8 34. b4 Nd7 35. Rd3 Qf6 36. Qd1 Qe7 37. Bb3 Kf8 38. Bc2 Ke8 39. Qf3 Nf6 40. Qe2 Rxd3 41. Qxd3 Qd8 42. Qc3 Ke7 43. Qc5+ Qd6 44. Qb6 Qd7 45. Qc5+ Ke8 46. Qc3 Ke7 47. Qc5+ Qd6 48. Qb6 Qd7 49. Qc5+ 1/2-1/2


[Site "https://www.chess.com"]

[Event "Titled Tuesday Blitz November 29 Late 2022"]
[White "Gonzalez, Francisco Silva"]
[Black "Gurevich, Dmitry"]
[WhiteFideId "1512285"]
[BlackFideId "2000407"]
[WhiteElo "2159"]
[BlackElo "2506"]
[Result "1/2-1/2"]
[Round "04"]
[TimeControl "180+1"]
[Date "2022.11.30"]
[WhiteClock "0:01:22"]
[BlackClock "0:00:13"]

1. d4 Nf6 2. c4 a6 3. a4 e6 4. Nf3 d5 5. Nc3 c5 6. dxc5 Bxc5 7. e3 O-O 8. Be2 Nc6 9. cxd5 exd5 10. O-O Re8 11. b3 d4 12. exd4 Nxd4 13. Nxd4 Bxd4 14. Bb2 Be6 15. Rc1 Rc8 16. Ba1 Qb6 17. Nd5 Rxc1 18. Nxf6+ Bxf6 19. Qxc1 Bxa1 20. Qxa1 Bxb3 21. a5 Qe6 22. Qb2 Qxe2 23. Qxb3 Qe4 24. h3 h6 25. Rd1 Re7 26. Rd8+ Kh7 27. Rd1 Re5 28. Qxf7 Rg5 29. g4 Rxg4+ 30. hxg4 Qxg4+ 31. Kh2 Qxd1 32. Qf5+ Kg8 33. Qc8+ Kh7 34. Qf5+ Kg8 35. Qc8+ Kh7 36. Qf5+ 1/2-1/2


[Site "https://www.chess.com"]

[Event "Titled Tuesday Blitz November 29 Late 2022"]
[White "Gubajdullin, Alexei"]
[Black "Meduri, Aakaash"]
[WhiteFideId "4141202"]
[BlackFideId "2032252"]
[WhiteElo "2230"]
[BlackElo "2113"]
[Result "1-0"]
[Round "04"]
[TimeControl "180+1"]
[Date "2022.11.30"]
[WhiteClock "0:01:41"]
[BlackClock "0:01:25"]

1. d4 d5 2. Nf3 Nf6 3. Bf4 e6 4. e3 Bd6 5. Bg3 Bxg3 6. hxg3 O-O 7. Nbd2 c5 8. c3 Nc6 9. Bd3 Qd6 10. dxc5 Qxc5 11. e4 dxe4 12. Nxe4 Nxe4 13. Bxe4 f5 14. Bc2 e5 15. Bb3+ Kh8 16. Ng5 h6 17. Qh5 Ne7 18. O-O-O a5 19. Nf7+ Kh7 20. Nxh6 g6 21. Qh4 Kg7 22. Nf7 a4 23. Qh6+ Kf6 24. Rd6+ Qxd6 25. Nxd6 Bd7 26. Qh4+ 1-0


[Site "https://www.chess.com"]

[Event "Titled Tuesday Blitz November 29 Late 2022"]
[White "Hambleton, Aman"]
[Black "Bilan, Danila"]
[WhiteFideId "2606577"]
[BlackFideId "24161918"]
[WhiteElo "2538"]
[BlackElo "2173"]
[Result "1-0"]
[Round "04"]
[TimeControl "180+1"]
[Date "2022.11.30"]
[WhiteClock "0:00:15"]
[BlackClock "0:00:11"]

1. d4 d5 2. Bf4 Nf6 3. e3 c5 4. c3 Nc6 5. Nd2 Qb6 6. Qb3 c4 7. Qc2 Nh5 8. Bg5 h6 9. Bh4 g5 10. Be2 Ng7 11. Bg3 f5 12. Ngf3 e6 13. Ne5 Nxe5 14. Bxe5 Qc6 15. h4 Rg8 16. hxg5 hxg5 17. Rh7 Bd7 18. b3 b5 19. bxc4 bxc4 20. Nf3 g4 21. Nh4 Be7 22. Ng6 Kf7 23. Nxe7 Kxe7 24. Bxg7 Kf7 25. Be5+ Kg6 26. Rh4 Kg5 27. g3 Be8 28. e4 dxe4 29. Qd2+ Kg6 30. Qh6+ Kf7 31. Qf6# 1-0


[Site "https://www.chess.com"]

[Event "Titled Tuesday Blitz November 29 Late 2022"]
[White "Han, Yichen"]
[Black "Bogaudinov, Rushan"]
[WhiteFideId "1054430"]
[BlackFideId "4129288"]
[WhiteElo "2323"]
[BlackElo "1997"]
[Result "1-0"]
[Round "04"]
[TimeControl "180+1"]
[Date "2022.11.30"]
[WhiteClock "0:01:23"]
[BlackClock "0:00:06"]

1. e4 c5 2. Nf3 Nc6 3. d4 cxd4 4. Nxd4 Nf6 5. Nc3 g6 6. Nxc6 bxc6 7. e5 Ng8 8. Bc4 Bg7 9. Qf3 e6 10. Ne4 Bxe5 11. Bf4 Bxf4 12. Qxf4 Qa5+ 13. c3 d5 14. Nd6+ Ke7 15. Nxf7 dxc4 16. Nxh8 Nf6 17. O-O-O Nd5 18. Qf7+ Kd6 19. Qf8+ Kc7 20. Nf7 Bb7 21. Qd6+ Kb6 22. Ne5 Qxa2 23. Nd7+ Ka6 24. Nc5+ Kb6 25. Kc2 Rd8 26. Qxd8+ Kxc5 27. Qf8+ Kb6 28. Qa3 Qxa3 29. bxa3 Kc5 30. Rhe1 Kd6 31. Rd4 Ba6 32. Rde4 Nc7 33. f4 c5 34. Re5 Bb7 35. g4 Bd5 36. a4 h6 37. h4 Na8 38. h5 gxh5 39. Rxh5 Nb6 40. Rxh6 Nxa4 41. f5 Nb6 42. fxe6 Ke7 43. Rh7+ Ke8 44. e7 Bc6 45. Rh8+ Kf7 46. e8=Q+ Bxe8 47. Rhxe8 1-0


[Site "https://www.chess.com"]

[Event "Titled Tuesday Blitz November 29 Late 2022"]
[White "Hardaway, Brewington"]
[Black "Domingo Nunez, Ruben"]
[WhiteFideId "30941849"]
[BlackFideId "22245570"]
[WhiteElo "2159"]
[BlackElo "2406"]
[Result "0-1"]
[Round "04"]
[TimeControl "180+1"]
[Date "2022.11.30"]
[WhiteClock "0:00:03"]
[BlackClock "0:00:22"]

1. Nf3 g6 2. d4 Bg7 3. c4 Nf6 4. Nc3 d6 5. g3 O-O 6. Bg2 Nbd7 7. O-O c5 8. d5 Rb8 9. e4 a6 10. a4 b6 11. Bf4 Ne8 12. h4 Ne5 13. Nxe5 dxe5 14. Be3 Nd6 15. b3 f5 16. exf5 gxf5 17. Bd2 b5 18. axb5 axb5 19. cxb5 Bd7 20. Na4 Rxb5 21. h5 f4 22. gxf4 exf4 23. Bc3 Rf7 24. Re1 Qf8 25. Qf3 Rxb3 26. Bxg7 Qxg7 27. Qxb3 f3 28. Qxf3 Rxf3 29. Kh2 Rf5 30. Nxc5 Rxh5+ 31. Kg1 Bh3 32. Kf1 Qxg2+ 33. Ke2 Re5+ 34. Kd2 Qxf2+ 35. Kc3 Qxc5+ 36. Kd2 Qd4+ 0-1


[Site "https://www.chess.com"]

[Event "Titled Tuesday Blitz November 29 Late 2022"]
[White "Howell, David W L"]
[Black "Mahdavi, Reza"]
[WhiteFideId "410608"]
[BlackFideId "12595926"]
[WhiteElo "2567"]
[BlackElo "2240"]
[Result "0-1"]
[Round "04"]
[TimeControl "180+1"]
[Date "2022.11.30"]
[WhiteClock "0:00:03"]
[BlackClock "0:00:19"]

1. e4 c5 2. c3 Nf6 3. e5 Nd5 4. Nf3 Nc6 5. Bc4 Nb6 6. Bb3 d5 7. exd6 c4 8. Bc2 Qxd6 9. O-O Bg4 10. h3 Bh5 11. Re1 e6 12. b3 Be7 13. Na3 cxb3 14. axb3 O-O 15. Nc4 Nxc4 16. bxc4 Rfd8 17. d4 Bf6 18. Be4 Qc7 19. Qc2 Bg6 20. Bg5 Bxg5 21. Nxg5 Bxe4 22. Qxe4 g6 23. d5 exd5 24. cxd5 Na5 25. Qh4 h5 26. Ne4 Nc4 27. Nf6+ Kg7 28. Nxh5+ gxh5 29. Qg5+ Kf8 30. Qh6+ Kg8 31. Qg5+ Kf8 32. Qxh5 Kg7 33. Qg5+ Kf8 34. Qh4 Kg7 35. Qg5+ Kf8 36. Re4 Rd6 37. Rh4 Rg6 38. Qf5 Kg7 39. Qh5 Rg8 40. Qh7+ Kf8 41. Re1 Rxg2+ 42. Kf1 Rg1+ 43. Ke2 Rxe1+ 44. Kxe1 Ne5 45. Qh6+ Ke8 46. Re4 Qxc3+ 47. Qd2 Rg1+ 48. Ke2 Qf3# 0-1


[Site "https://www.chess.com"]

[Event "Titled Tuesday Blitz November 29 Late 2022"]
[White "Ibarra Jerez, Jose Carlos"]
[Black "Martinez Ramirez, Lennis"]
[WhiteFideId "2226332"]
[BlackFideId "3509079"]
[WhiteElo "2638"]
[BlackElo "2439"]
[Result "0-1"]
[Round "04"]
[TimeControl "180+1"]
[Date "2022.11.30"]
[WhiteClock "0:00:01"]
[BlackClock "0:00:20"]

1. Nf3 d5 2. g3 Nf6 3. Bg2 Bg4 4. h3 Bxf3 5. Bxf3 Nc6 6. d4 e5 7. dxe5 Nxe5 8. Bg2 Qd7 9. O-O O-O-O 10. Qd4 Nc6 11. Qa4 Bc5 12. c3 Kb8 13. b4 Bb6 14. Qb3 Rhe8 15. a4 a5 16. bxa5 Nxa5 17. Qc2 Ne4 18. e3 h5 19. Nd2 f5 20. c4 h4 21. Nxe4 fxe4 22. c5 Ba7 23. Rb1 hxg3 24. fxg3 Nc4 25. a5 Bxc5 26. Qc3 Qd6 27. Kh2 g5 28. Rf6 Re6 29. Rf7 g4 30. h4 Rh6 31. Rf4 Ne5 32. Qb3 Qc6 33. Bd2 Bd6 34. Rc1 Nc4 35. Rf2 Rxh4+ 36. Kg1 Bxg3 37. Rf7 Nxd2 38. Rxc6 Nxb3 39. Rg6 Nxa5 40. Bf1 Nc4 41. Be2 Bd6 42. Bxg4 Ne5 43. Rfg7 Nxg6 44. Rxg6 Rhh8 45. Re6 Rhg8 46. Kf1 Rxg4 47. Rh6 Rf8+ 48. Ke1 Bb4+ 49. Kd1 Rg2 50. Rh1 Rff2 51. Rh8+ Ka7 0-1


[Site "https://www.chess.com"]

[Event "Titled Tuesday Blitz November 29 Late 2022"]
[White "Iinuma, Paul Y"]
[Black "Suder, Jakub"]
[WhiteFideId "2031809"]
[BlackFideId "1195310"]
[WhiteElo "2066"]
[BlackElo "2243"]
[Result "0-1"]
[Round "04"]
[TimeControl "180+1"]
[Date "2022.11.30"]
[WhiteClock "0:00:48"]
[BlackClock "0:00:43"]

1. d4 d5 2. Bf4 Nf6 3. e3 c5 4. c3 Nc6 5. Nd2 Bg4 6. Qb3 Qc8 7. dxc5 e5 8. Bg5 Be6 9. Ngf3 Nd7 10. Qc2 Nxc5 11. b4 Bf5 12. Qd1 Nd3+ 13. Bxd3 Bxd3 14. b5 Bxb5 15. Qb3 Ba6 16. Qxd5 f6 17. Bh4 Qd7 18. Qxd7+ Kxd7 19. O-O-O Ke6 20. Ne4 Ba3+ 21. Kc2 Rhd8 22. g4 Bb5 23. Nfd2 Na5 24. Nb3 Nxb3 25. axb3 Be2 26. Rxd8 Rxd8 27. Ng3 Bd3+ 28. Kd2 Be4+ 29. Ke2 Bxh1 30. Nxh1 Bb2 31. c4 Bc3 32. f4 e4 33. f5+ Kf7 34. Be1 Bxe1 35. Kxe1 Rd3 36. Ke2 Rxb3 37. Nf2 Rb2+ 38. Ke1 Rxf2 39. Kxf2 Ke7 40. Kg3 a5 41. Kf4 a4 42. Kxe4 a3 43. Kd5 a2 44. e4 a1=Q 0-1


[Site "https://www.chess.com"]

[Event "Titled Tuesday Blitz November 29 Late 2022"]
[White "Iliaguev, Nisim"]
[Black "Necromon"]
[WhiteFideId "2817276"]
[WhiteElo "2244"]
[BlackElo "2480"]
[Result "0-1"]
[Round "04"]
[TimeControl "180+1"]
[Date "2022.11.30"]
[WhiteClock "0:00:34"]
[BlackClock "0:01:02"]

1. d4 c5 2. Nf3 cxd4 3. Nxd4 g6 4. g3 Nc6 5. Bg2 Bg7 6. Nb3 Nf6 7. O-O d6 8. c4 O-O 9. Nc3 Be6 10. Nd5 Bxd5 11. cxd5 Ne5 12. Bf4 Nc4 13. Nd4 Qb6 14. Rb1 Nh5 15. e3 Nxf4 16. gxf4 Bxd4 17. exd4 Rac8 18. h4 Qa5 19. Re1 Qd2 20. Rxe7 Qxd1+ 21. Rxd1 Nxb2 22. Rb1 Nd3 23. Rbxb7 Rc1+ 24. Bf1 Nxf4 25. Rxa7 Nxd5 26. Red7 Nf6 27. Rxd6 Ne4 28. Rdd7 Nd2 29. a4 Nxf1 30. Kg2 Nd2 31. a5 Ne4 32. Re7 Nd6 33. a6 Nc8 34. Rec7 Nxa7 35. Rxc1 Ra8 36. Rc5 Nc8 37. d5 Kf8 38. Rc6 Ne7 39. Rd6 Ke8 40. Kf3 Nf5 41. Rb6 Ke7 42. Ke4 Nxh4 43. Rb7+ Kf6 44. a7 Nf5 45. Rb6+ Kg5 46. f4+ Kg4 47. Rb7 h5 48. Rxf7 Nd6+ 0-1


[Site "https://www.chess.com"]

[Event "Titled Tuesday Blitz November 29 Late 2022"]
[White "Indjic, Aleksandar"]
[Black "Ehlvest, Jaan"]
[WhiteFideId "911925"]
[BlackFideId "4500016"]
[WhiteElo "2592"]
[BlackElo "2430"]
[Result "1/2-1/2"]
[Round "04"]
[TimeControl "180+1"]
[Date "2022.11.30"]
[WhiteClock "0:00:07"]
[BlackClock "0:00:01"]

1. e4 c5 2. Na3 e6 3. d3 b6 4. f4 Bb7 5. Nf3 g6 6. c3 d6 7. Qe2 Bg7 8. g3 Ne7 9. h4 h5 10. Nc2 Nd7 11. Bh3 Qc7 12. a4 a6 13. Bd2 d5 14. Ng5 Qc6 15. O-O c4 16. d4 dxe4 17. Nb4 Qc7 18. Nxe4 O-O 19. Kh2 Nf5 20. Rae1 b5 21. axb5 axb5 22. Qf2 Ra4 23. Nc2 Ra2 24. Bc1 Nf6 25. Nxf6+ Bxf6 26. Re2 Rd8 27. Rfe1 Nh6 28. Re5 Bxe5 29. fxe5 Nf5 30. g4 hxg4 31. Bxg4 Ra4 32. h5 Rd7 33. Bxf5 exf5 34. Rg1 Qc6 35. Bf4 Qe4 36. Ne3 Ra2 37. Kg3 Kf8 38. hxg6 fxg6 39. Kh4 Rh7+ 40. Kg5 Kf7 41. Qe2 Rh5+ 42. Qxh5 gxh5 43. Nxf5 Qc6 44. Nd6+ Ke6 45. Kh6 Kd5 46. Rg5 Rxb2 47. e6+ Kxe6 48. Rg6+ Kd5 49. Rg5+ Ke6 50. Rg6+ Kd7 51. Rg7+ Ke6 52. Rg6+ 1/2-1/2


[Site "https://www.chess.com"]

[Event "Titled Tuesday Blitz November 29 Late 2022"]
[White "Ivic, Velimir"]
[Black "Salem, A.R. Saleh"]
[WhiteFideId "950122"]
[BlackFideId "9301348"]
[WhiteElo "2625"]
[BlackElo "2628"]
[Result "0-1"]
[Round "04"]
[TimeControl "180+1"]
[Date "2022.11.30"]
[WhiteClock "0:00:01"]
[BlackClock "0:00:06"]

1. e4 e5 2. Nf3 Nc6 3. Bb5 a6 4. Ba4 Nf6 5. O-O Be7 6. Re1 b5 7. Bb3 O-O 8. a4 Bb7 9. d3 d6 10. Bd2 b4 11. c3 Rb8 12. cxb4 Ba8 13. b5 axb5 14. axb5 Rxb5 15. Bc3 d5 16. Ba4 Rb6 17. Bxc6 Rxc6 18. Nxe5 Re6 19. exd5 Nxd5 20. Nd2 Nf4 21. Qg4 Ng6 22. Ndf3 Qd5 23. Nxg6 Rxg6 24. Qe4 Bd6 25. Kf1 Bb7 26. Ra7 Bc6 27. Qxd5 Bxd5 28. Be5 Bxf3 29. gxf3 h6 30. Bxd6 Rxd6 31. Rxc7 Rxd3 32. Re3 Rd2 33. b4 Rb2 34. Re4 Rb8 35. Rf4 Rf8 36. Rb7 g6 37. Kg2 Kg7 38. b5 h5 39. h4 Rb3 40. b6 Rb5 41. Kg3 Kg8 42. Rf6 Kg7 43. Rd6 Re8 44. Rdd7 Rf5 45. Rd4 Re1 46. Rf4 Rg1+ 47. Kh2 Rxf4 48. Kxg1 Rxh4 49. Rc7 Rb4 50. b7 h4 51. Kg2 g5 52. f4 g4 53. Kh2 Kg6 54. Kg2 f6 55. Kh2 Rb3 56. Kg2 Rb2 57. Kg1 Kf5 58. Rh7 h3 0-1


[Site "https://www.chess.com"]